 Dungeon Crawl Stone Soup version 0.26-a0-652-gafc20e3620 (webtiles) character file.

Game seed: 2858067602516109267

30 heikuro the Skirmisher (level 3, 5/43 HPs)
             Began as a Formicid Abyssal Knight on Oct 3, 2020.
             Was a Follower of Lugonu.
             Quit the game on level 1 of the Dungeon.
             The game lasted 00:02:55 (1264 turns).

heikuro the Skirmisher (Formicid Abyssal Knight)    Turns: 1264, Time: 00:02:55

Health: 5/43       AC: 21    Str: 14 (17) XL:     3   Next: 37%
Magic:  4/5        EV:  2    Int: 10 (11) God:    Lugonu [*.....]
Gold:   22         SH:  0    Dex:  9 (10) Spells: 2/2 levels left

rFire    + . .     SeeInvis .   a - +1 falchion
rCold    + . .     Faith    .   (no shield)
rNeg     + + +     Spirit   .   (armour currently unavailable)
rPois    +         Reflect  .   (helmet unavailable)
rElec    +         Harm     .   (cloak currently unavailable)
rCorr    +         Rampage  .   (gloves currently unavailable)
MR       .....                  (boots currently unavailable)
Stlth    +.........             (no amulet)
HPRegen  0.14/turn              (no ring)
MPRegen  0.09/turn              (no ring)

@: mighty, lethally poisoned (5 -> 0), tree-form, resistant, stab, very slightly
contaminated, invisible
A: permanent stasis, dig shafts and tunnels, four strong arms
a: Depart the Abyss, Renounce Religion


You were on level 1 of the Dungeon.
You worshipped Lugonu.
Lugonu was aware of your devotion.
You were a tree.
You visited 1 branch of the dungeon, and saw 2 of its levels.
You visited the Abyss 1 time.

You collected 22 gold pieces.

Inventory:

Hand Weapons
 a - a +1 falchion (weapon)
Armour
 b - a +0 leather armour (melded)
Potions
 g - a potion of resistance


   Skills:
 + Level 3.5 Fighting
 * Level 2.6 Long Blades
 + Level 2.6 Armour
 - Level 1.0 Dodging
 + Level 2.7 Invocations


You had 2 spell levels left.
You didn't know any spells.
Your spell library was empty.

Dungeon Overview and Level Annotations

Branches:
Dungeon (2/15)

Altars:


Innate Abilities, Weirdness & Mutations

You cannot be hasted, slowed, berserked, paralysed or teleported.
You can dig through walls and to a lower floor.
Your four strong arms can wield two-handed weapons with a shield.
((You have a pair of large antennae on your head. (SInv)))


Message History

It was a potion of might.
You feel very mighty all of a sudden.
* * * LOW HITPOINT WARNING * * *
You feel sick.
It was a potion of lignification.
You turn into a tree.
Your +0 leather armour melds into your body.
Your roots penetrate the ground.
* * * LOW HITPOINT WARNING * * *
You feel sick.
It was a potion of degeneration.
There was something very wrong with that liquid.
You feel weakened.
You feel dopey.
You feel clumsy.
You cannot move.
You cannot move.
You cannot move.
There is a lethal amount of poison in your body!
Quiver which item? (- for none, * to show all) (? for menu, Esc to quit)
Okay, then.
Okay, then.
Are you sure you want to abandon this character and quit the game? (Confirm with "yes".)

##.###†#######.####......# #.###.
#.## ##.### #.####>#.#### #.# #.
.## ##..# #.#........# #.# #.
#.## ##.#.# #.#.##.#.#.####.###.
#..###.##.# #.#.##.#........##).
#.#...###.# #.#.##.###.######...
#.#.....#.####.#.##.....#####....
#.#...#.#......>.........÷.(.....
#.##.##.#.......♣##..>.....##....
#.##..........#####.######.###...
..............# ###.### #.......
#######.#.....# #.....# ########
#.#########.#.#.#### #.#
#............# #.# #.###.#.#.##.#
#.# #.# #.....##.# #.#
#.####...###.#


There were no monsters in sight!

Vanquished Creatures
  An adder (D:1)
  A worm (D:2)
  A dart slug (D:1)
  2 leopard geckos (D:1)
  A bat (D:1)
  A giant cockroach (D:1)
  A hobgoblin (D:1)
  2 jackals (D:1)
  2 kobolds
  2 rats (D:1)
14 creatures vanquished.

Notes
Turn   | Place    | Note
-------+----------+-------------------------------------------
     0 | Abyss:1  | heikuro the Formicid Abyssal Knight began the quest for the
                  | Orb.
     0 | Abyss:1  | Reached XP level 1. HP: 18/18 MP: 2/2
    88 | Abyss:1  | Noticed an unseen horror
    89 | D:1      | Escaped the Abyss
   478 | D:1      | Reached skill level 1 in Dodging
   500 | D:1      | Reached XP level 2. HP: 24/24 MP: 3/3
   813 | D:1      | Reached * piety under Lugonu
  1137 | D:2      | Reached XP level 3. HP: 23/29 MP: 4/4
  1264 | D:1      | Quit the game

Illustrated notes

Levels and vault maps discovered:
D:1:      ncdulo_lavacross, layout_loops_ring, minmay_misc_feat_secret_circle
D:2:      layout_loops_corners, led_sif_pool, uniq_natasha

Skill      XL: |  1 |
---------------+----+-----
Dodging        | 1 |  1.0
Fighting       | |  3.5
Long Blades    | |  2.6
Armour         | |  2.6
Invocations    | |  2.7

Action                   || total
-------------------------++-------
Melee: Falchion          ||    45
Invok: Depart the Abyss  ||     1
  Use: Potion            ||     6
Armor: Leather armour    ||    15
Dodge: Dodged            ||    34
       Rpst.: Falchion   ||    15

Table legend: (Time is in decaauts)
 A = Elapsed time spent in this place.
 B = Non-inter-level travel time spent in this place.
 C = Inter-level travel time spent in this place.
 D = Time resting spent in this place.
 E = Time spent auto-exploring this place.
 F = Levels seen in this place.
 G = Mean time per level.
                   A        B        C        D        E       F      G
               +--------+--------+--------+--------+--------+-----+--------+
         Total |   1274 |   1241 |     33 |    273 |    481 |   3 |  424.7 |
       Dungeon |   1185 |   1152 |     33 |    273 |    393 |   2 |  592.5 |
         Abyss |     89 |     89 |      0 |      0 |     88 |   1 |   89.0 |
               +--------+--------+--------+--------+--------+-----+--------+

Top non-repeatable levels by time:
     D:1: 1125 daAuts
 Abyss:1: 89 daAuts
     D:2: 59 daAuts
